Map: 环轨星港

Players

Water

  • Race: Zerg Zerg
  • League: Diamond

shengy - Winner!

  • Race: Zerg Zerg
  • League: Platinum

VOD

Have the link to the VOD?

Description

Time

  • Played on: Jan. 3, 2016, 9:24 a.m.
  • Length: 14:14
Show
View Real Time Build Order
Export as new Build Order

Water Zerg 

Build Orders: Pool First 

Get SALT Encoding   

  12  0:01  Drone  
  13  0:12  Overlord  
  13  0:17  Drone  
  14  0:30  Drone x2  
  16  0:41  Spawning Pool  
  15  0:47  Drone, Extractor  
  15  0:50  Drone  
  16  0:58  Drone  
  17  1:11  Drone  
  18  1:26  Hatchery  
  18  1:30  Zergling x4  
  19  1:38  Queen  
  21  1:49  Metabolic Boost  
  21  1:56  Overlord  
  21  2:03  Zergling x2  
  22  2:19  Zergling x4  
  24  2:23  Queen  
  24  2:25  Zergling x2  
  27  2:45  Baneling Nest  
  27  2:46  Queen  
  27  2:47  Drone  
  27  2:50  Drone x3  
  32  3:07  Drone x2  
  32  3:08  Drone x2  
  36  3:27  Lair  
  35  3:30  Overlord x2  
  35  3:31  Extractor  
  34  3:48  Zergling x2  
  35  3:53  Spine Crawler  
  35  3:55  Spine Crawler  
  33  3:57  Spine Crawler  
  33  3:58  Zergling x6  
  35  4:07  Baneling x4  
  35  4:13  Zergling x6  
  38  4:25  Drone x3  
  38  4:26  Drone  
  38  4:30  Extractor  
  41  4:33  Burrow  
  41  4:52  Drone x3  
  44  4:53  Drone  
  44  4:54  Drone x2  
  47  5:22  Drone, Spire  
  47  5:23  Drone x2  
  47  5:27  Extractor, Drone x3  
  51  5:35  Baneling  
  51  5:36  Baneling x6  
  51  5:37  Baneling x3  
  49  5:57  Drone x3  
  49  6:01  Overlord x3  
  52  6:19  Drone x2  
  52  6:20  Drone x2  
  56  6:35  Mutalisk x2  
  60  6:42  Hatchery  
  59  6:50  Mutalisk x2  
  63  7:02  Mutalisk x4  
  71  7:12  Mutalisk  
  73  7:18  Overlord x3  
  73  7:26  Baneling x6  
  73  7:27  Baneling x2  
  73  7:32  Zergling x6  
  73  7:33  Overlord x2  
  76  7:52  Mutalisk x3  
  82  8:08  Spore Crawler  
  81  8:18  Spore Crawler x2, Mutalisk x2  
  83  8:21  Drone x4  
  83  8:24  Spore Crawler  
  83  8:26  Spore Crawler  
  85  8:35  Extractor  
  83  8:50  Drone x3  
  83  8:51  Mutalisk x2  
  83  8:53  Spore Crawler x3  
  83  8:54  Spore Crawler  
  86  8:58  Zerg Flyer Weapons Level 1  
  86  9:07  Mutalisk x2  
  86  9:09  Drone  
  91  9:13  Mutalisk  
  91  9:16  Drone  
  94  9:43  Drone x4  
  94  9:45  Extractor  
  97  9:47  Overlord x2  
  97  9:48  Extractor, Mutalisk x3  
  102  10:03  Mutalisk x3  
  108  10:21  Drone x2  
  108  10:22  Drone x2  
  108  10:23  Drone x2  
  112  10:38  Baneling x8  
  108  10:43  Baneling x9, Mutalisk x4  
  93  11:12  Drone x2  
  93  11:13  Mutalisk x3, Drone  
  93  11:14  Mutalisk  
  104  11:22  Infestation Pit  
  103  11:34  Spore Crawler  
  103  11:37  Overlord  
  103  11:38  Mutalisk x2, Overlord x3  
  82  11:59  Spore Crawler, Infestor  
  82  12:00  Spore Crawler, Infestor  
  83  12:21  Baneling  
  83  12:22  Mutalisk x4  
  79  12:32  Spore Crawler  
  60  12:48  Mutalisk  
  60  12:49  Mutalisk x2  
  50  13:07  Spore Crawler  
  50  13:09  Spore Crawler x2  
Show
View Real Time Build Order
Export as new Build Order

shengy Zerg - Winner!

Build Orders: Hatch First, Zergling Baneling 

Get SALT Encoding   

  12  0:01  Drone  
  13  0:07  Drone  
  14  0:17  Overlord  
  14  0:35  Drone x3  
  17  0:46  Drone  
  18  0:55  Hatchery  
  17  1:00  Drone  
  18  1:07  Drone  
  18  1:11  Extractor  
  18  1:20  Spawning Pool  
  18  1:24  Drone  
  18  1:29  Drone  
  19  1:41  Overlord  
  19  1:50  Drone  
  20  2:07  Queen  
  20  2:08  Queen  
  22  2:11  Zergling x4  
  26  2:16  Metabolic Boost  
  26  2:19  Zergling x2  
  26  2:20  Zergling x2  
  28  2:27  Zergling x2  
  29  2:31  Zergling x2  
  29  2:36  Zergling x2  
  31  2:44  Baneling Nest, Zergling x2  
  32  2:50  Overlord  
  31  2:51  Zergling x2  
  31  2:55  Zergling x2  
  33  3:10  Zergling x4  
  35  3:13  Zergling x2  
  36  3:21  Zergling x6  
  36  3:22  Zergling x6  
  40  3:28  Baneling x4  
  40  3:33  Zergling x4  
  42  3:52  Overlord  
  42  3:53  Drone x2  
  44  3:56  Lair  
  43  4:11  Drone x4  
  43  4:12  Drone x2  
  49  4:18  Overlord  
  49  4:34  Drone x3  
  49  4:38  Extractor  
  51  4:40  Drone x4  
  51  4:42  Extractor  
  51  4:43  Extractor  
  53  4:47  Overlord  
  53  4:48  Drone  
  53  4:49  Baneling  
  53  4:50  Baneling x3  
  54  5:11  Overlord x2  
  54  5:12  Overlord  
  54  5:15  Drone x3  
  54  5:16  Drone x2  
  59  5:24  Drone  
  59  5:26  Overlord  
  60  5:29  Drone  
  59  5:54  Spire, Drone x7  
  65  6:00  Baneling x2  
  65  6:14  Overseer  
  64  6:37  Hatchery  
  63  6:44  Overlord  
  63  6:45  Overlord  
  63  6:52  Overseer  
  63  7:07  Mutalisk x2  
  63  7:08  Mutalisk x8  
  83  7:19  Mutalisk  
  85  7:25  Drone  
  85  7:26  Drone x10  
  96  7:34  Spore Crawler x2  
  94  7:38  Spore Crawler  
  94  7:39  Drone  
  94  7:42  Spore Crawler  
  94  7:43  Zerg Flyer Weapons Level 1  
  93  7:44  Mutalisk  
  95  7:51  Overlord  
  95  8:04  Queen  
  97  8:08  Spore Crawler  
  97  8:11  Mutalisk  
  97  8:12  Mutalisk x2  
  102  8:13  Extractor  
  102  8:16  Extractor, Drone x4  
  104  8:37  Drone x2  
  104  8:38  Drone  
  107  8:50  Mutalisk x3  
  107  8:53  Overlord x3  
  113  9:10  Overlord  
  113  9:37  Hatchery, Zerg Flyer Weapons Level 2  
  112  9:43  Overlord x2  
  112  9:44  Mutalisk  
  112  9:45  Mutalisk x7  
  128  9:53  Drone x5  
  128  9:54  Drone  
  128  9:59  Spore Crawler  
  133  10:01  Mutalisk  
  133  10:02  Mutalisk x2  
  139  10:09  Zergling x2  
  139  10:12  Zergling x2  
  139  10:13  Zergling x14  
  148  10:19  Overseer  
  148  10:20  Overseer  
  148  10:22  Pneumatized Carapace  
  149  10:49  Mutalisk  
  149  10:50  Mutalisk  
  132  11:11  Zergling x28  
  133  11:12  Zergling x10  
  151  11:23  Hatchery  
  150  11:31  Mutalisk x2  
  154  11:34  Overlord x2  
  154  11:35  Overlord x2  
  142  11:58  Hatchery  
  139  12:02  Mutalisk x9  
  138  12:42  Drone x9  
  129  12:52  Mutalisk  
  119  13:13  Baneling x2  
  119  13:41  Extractor, Mutalisk x14  
  119  13:42  Mutalisk x2  
  119  13:44  Extractor  
  119  13:45  Extractor  
  119  13:46  Extractor  
  119  14:05  Infestation Pit  
Tags
 
Add a new tag
Caveats
  • Supply blocks, unpowered buildings, or Contaminate may cause inaccurate times.
  • Supply counts are checked every 10 seconds.